 Dungeon Crawl Stone Soup version 0.29-a0-284-gf9362112df (webtiles) character file.

Game seed: 7680699402192806779

1071 spaghetti the Covert (level 8, 0/57 HPs)
             Began as a Vampire Cinder Acolyte on Mar 22, 2022.
             Was a Priest of Ignis.
             Splashed by a jelly's acid (9 damage)
             ... on level 6 of the Dungeon.
             The game lasted 00:11:33 (4570 turns).

spaghetti the Covert (Vampire Cinder Acolyte)       Turns: 4570, Time: 00:11:34

Health: 0/57       AC: 12    Str: 15    XL:     8   Next: 7%
Magic:  3/9        EV: 11    Int: 20    God:    Ignis [***...]
Gold:   107        SH:  0    Dex: 16    Spells: 5/9 levels left

rFire   + . .      SeeInvis +   a - +6 demon whip (vamp) {mace}
rCold   . . .      Faith    .   (no shield)
rNeg    . . .      Spirit   .   v - +2 robe of Yzif {Int+4}
rPois   .          Reflect  .   (no helmet)
rElec   .          Harm     .   o - +0 cloak
rCorr   .          Rampage  .   (no gloves)
Will    .....                   (no boots)
Stlth   +++++.....              (no amulet)
HPRegen 0.39/turn               m - +6 ring of dexterity
MPRegen 0.11/turn               (no ring)

@: fiery-armoured, healing quickly
A: alive, fangs 3, see invisible, vampiric 2
a: Exsanguinate, Renounce Religion, Fiery Armour, Foxfire Swarm, Rising Flame


You were on level 6 of the Dungeon.
You worshipped Ignis.
Ignis was most pleased with you.
You visited 1 branch of the dungeon, and saw 6 of its levels.

You collected 197 gold pieces.
You spent 90 gold pieces at shops.


Innate Abilities, Weirdness & Mutations

Your natural rate of healing is accelerated.
You have razor-sharp teeth.
You have supernaturally acute eyesight. (SInv)
You are afflicted with vampirism and can become a bat while bloodless.


   Skills:
 - Level 2.6 Fighting
 - Level 3.2 Short Blades
 + Level 2.1 Maces & Flails
 + Level 10.9 Stealth
 - Level 1.0 Spellcasting
 - Level 7.0 Hexes
 - Level 2.0 Necromancy
 - Level 2.4 Fire Magic


You had 5 spell levels left.
You knew the following spells:

 Your Spells              Type           Power      Damage    Failure   Level
a - Inner Flame           Hex/Fire       19%        N/A       8%          3
b - Foxfire               Conj/Fire      20%        2x1d5     11%         1

Your spell library contained the following spells:

 Spells                   Type           Power      Damage    Failure   Level
 Scorch                   Fire           20%        2d6       10%         2
 Conjure Flame            Conj/Fire      5%         6-21      32%         3
 Ozocubu's Armour         Ice            1%         N/A       45%         3
 Flame Wave               Conj/Fire      5%         2d5       71%         4
 Metabolic Englaciation   Hex/Ice        7%         N/A       75%         5
 Simulacrum               Ice/Necr       2%         N/A       100%        6

Inventory:

Hand Weapons
 a - a +6 vampiric demon whip (weapon) {mace}
   (You found it on level 2 of the Dungeon)
 b - a +0 longbow {bow}
   (You found it on level 3 of the Dungeon)
 c - a +2 dagger of pain {short}
   (You took it off a kobold on level 1 of the Dungeon)
 g - a +0 rapier {short}
   (You found it on level 1 of the Dungeon)
 n - a -1 short sword of flaming {short}
Missiles
 h - 161 stones (quivered) {throwing}
 i - 8 poisoned darts {throwing}
 t - a boomerang {throwing}
Armour
 o - a +0 cloak (worn)
   (You found it on level 2 of the Dungeon)
 r - a +0 robe
 v - the +2 robe of Yzif (worn) {Int+4}
   (You found it on level 4 of the Dungeon)

   Int:       It affects your intelligence (+4).
Jewellery
 m - a +6 ring of dexterity (left hand)
   (You found it on level 2 of the Dungeon)
Scrolls
 d - a scroll of identify {unknown}
 f - a scroll of magic mapping {unknown}
 j - a scroll of immolation {unknown}
 k - a scroll of teleportation {@r4}
 q - a scroll of noise {!r}
Potions
 e - a potion of lignification {unknown}
 l - a potion of haste {unknown}
 p - a potion of might {unknown}
 s - 2 potions of brilliance {unknown}
 u - a potion of degeneration {unknown}

Dungeon Overview and Level Annotations

Branches:
Dungeon (6/15)             Temple (0/1) D:4

Altars:
Ashenzari
Makhleb
Nemelex Xobeh
Zin
The Shining One

Shops:
D:5 ?

Annotations:
D:4 3 runed translucent doors, sammy202020's ghost, amateur GrBe
D:5 3 runed translucent doors, pickled's ghost, novice HOCK; rabbitsville's ghost, amateur DrAE

....... ........
[....... ........
........ ##........
####.........
..##########....###.....
.......@h.l.............
##.#####J..########.####
#....### ###.# #.####
####...# .. #....### ..
..#######.#######. .
#.........#.......
########<.......#
.........#####.#


You could see an iguana, a hound and a jelly.


Message History

The water moccasin is engulfed in blazing flames.
Flame seeps out of the water moccasin.
The water moccasin attacks as you move away!
The water moccasin bites you.
You are poisoned.
The water moccasin poisons you!
You feel very sick. 😕 HP[-8]
You take 8 damage, and now have 43/51 hp.
You feel sick.
The water moccasin barely misses you. 😕 HP[-2]
You take 2 damage, and now have 41/51 hp.
You feel sick. 😕 HP[-1]
You take 1 damage, and now have 40/51 hp.
The water moccasin attacks as you move away!
The water moccasin bites you!
You feel sick.
The water moccasin barely misses you. 😮 HP[-8]
You take 8 damage, and now have 32/51 hp.
You feel sick. 😮 HP[-1] MP[+1]
You take 1 damage, and now have 31/51 hp.
An iguana comes into view.
You feel sick.
Okay, then.
A protective cloak of flame settles atop you.
You feel sick. The water moccasin bites you.
You are more poisoned.
The water moccasin poisons you!
The water moccasin is burned by your cloak of flames.
Flame seeps out of the water moccasin.
The water moccasin is engulfed in blazing flames.
Flame seeps out of the water moccasin.
The water moccasin closely misses you. 😮 HP[-2]
You take 2 damage, and now have 29/51 hp.
A hound comes into view.
You feel very sick.
The iguana hisses angrily.
The hound barks!
The water moccasin is engulfed in blazing flames.
The water moccasin explodes!
You hear an angry hiss.
Your Maces & Flails skill increases to level 2!
You have reached level 8!
You now have 57 max hp (+6).
An adder comes into view.
You feel sick. 😨 HP[-1]
You take 1 damage, and now have 28/57 hp.
You feel sick. 😨 HP[-2]
You take 2 damage, and now have 26/57 hp.
You feel sick. 😨 HP[-1]
You take 1 damage, and now have 25/57 hp.
You feel sick. The adder bites you but does no damage.
The adder is burned by your cloak of flames.
The adder bites you but does no damage.
The adder is burned by your cloak of flames. 😨 HP[-1]
You take 1 damage, and now have 24/57 hp.
You feel sick. The adder bites you but does no damage.
The adder is burned by your cloak of flames.
You kill the adder! 😨 HP[-1]
You take 1 damage, and now have 23/57 hp.
The hound attacks as you move away! The hound bites you but does no damage.
The hound is burned by your cloak of flames.
You feel sick. 😨 MP[+1]
A jelly comes into view.
You feel sick. The hound misses you. 😨 HP[-1]
You take 1 damage, and now have 22/57 hp.
You feel sick.
The hound stops to sniff the ground.
The hound attacks as you move away! The hound closely misses you.
You feel sick.
You are no longer poisoned.
The hound completely misses you. 😨 HP[-1]
You take 1 damage, and now have 21/57 hp.
The jelly barely misses you. The hound attacks as you move away!
The hound bites you but does no damage.
The hound is burned by your cloak of flames.
The hound bites you but does no damage.
The hound is burned by your cloak of flames.
The jelly closely misses you. 😨 HP[+1]
The jelly hits you.
* * * LOW HITPOINT WARNING * * *
You are splashed with acid!
* * * LOW HITPOINT WARNING * * *
The jelly is burned by your cloak of flames. 😱 HP[-11]
You take 11 damage, and now have 11/57 hp.
The jelly attacks as you move away! The jelly hits you.
* * * LOW HITPOINT WARNING * * *
You are splashed with acid!
You die...

Skill      XL: |  1  2  3  4  5  6  7 |
---------------+----------------------+-----
Stealth        | 2 3 4 5 6 8 10 | 10.9
Necromancy     | 2 |  2.0
Hexes          | 2 3 6 7 |  7.0
Maces & Flails | 2 |  2.1
Fighting       | |  2.6
Short Blades   | |  3.2
Spellcasting   | |  1.0
Fire Magic     | |  2.4

Action                   |  1- 3 |  4- 6 |  7- 9 || total
-------------------------+-------+-------+-------++-------
Melee: Dagger            |    20 |       |       ||    20
       Bite              |     8 |     4 |     3 ||    15
       Short sword       |     1 |       |       ||     1
       Punch             |     1 |       |       ||     1
       Demon whip        |    35 |    61 |    55 ||   151
Throw: Stone             |    11 |     6 |    11 ||    28
 Cast: Foxfire           |       |     7 |     8 ||    15
       Inner Flame       |       |       |     7 ||     7
Invok: Foxfire Swarm     |       |     2 |     1 ||     3
       Fiery Armour      |       |       |     1 ||     1
 Abil: Exsanguinate      |     1 |       |       ||     1
       Revivify          |       |     1 |       ||     1
  Use: Scroll            |       |     6 |     2 ||     8
 Stab: Sleeping          |     5 |     3 |       ||     8
       Distracted        |     1 |     1 |       ||     2
Armor: Robe              |    12 |     6 |    21 ||    39
Dodge: Dodged            |    22 |    23 |    44 ||    89

Levels and vault maps discovered:
D:1:      scummos_arrival_star, layout_loops_ring, serial_bayou_pond_e,
          chequers_hall_statues_y
D:2:      layout_rooms
D:3:      layout_basic, overflow_temple_1_default,
          nemelex_xobeh_ov_fountains_minmay
D:4:      layout_rooms, grunt_temple_overflow_open,
          minmay_temple_entry_water_ring, gammafunk_ghost_nasty_kobolds,
          uniq_grinder
D:5:      layout_basic, tgw_sif, gammafunk_ghost_cemetery,
          minmay_misc_feat_tower, nicolae_wooded_promenade
D:6:      layout_rooms

Notes
Turn   | Place    | Note
-------+----------+-------------------------------------------
     0 | D:1      | spaghetti the Vampire Cinder Acolyte began the quest for
                  | the Orb.
     0 | D:1      | Reached XP level 1. HP: 17/17 MP: 2/2
     0 | D:1      | magus.rc [v1.9.6]
    13 | D:1      | Reached skill level 1 in Stealth
    88 | D:1      | Reached skill level 2 in Stealth
   212 | D:2      | Reached XP level 2. HP: 20/23 MP: 3/3
   264 | D:2      | Reached skill level 1 in Necromancy
   378 | D:2      | Reached skill level 3 in Stealth
   378 | D:2      | Reached skill level 2 in Necromancy
   378 | D:2      | Gained mutation: You are afflicted with vampirism and can
                  | become a bat while bloodless. [Vampire growth]
   378 | D:2      | Reached XP level 3. HP: 28/28 MP: 4/4
  1202 | D:3      | Reached skill level 4 in Stealth
  1289 | D:3      | Found a sparkling altar of Nemelex Xobeh.
  1295 | D:3      | You pick up a book of Flames and begin reading...
  1295 | D:3      | You add the spells Foxfire, Conjure Flame, Inner Flame and
                  | Flame Wave to your library.
  1302 | D:3      | Learned a level 3 spell: Inner Flame
  1382 | D:3      | Reached skill level 1 in Hexes
  1792 | D:3      | Reached skill level 2 in Hexes
  1792 | D:3      | Reached XP level 4. HP: 26/27 MP: 5/5
  1807 | D:3      | Reached skill level 5 in Stealth
  1807 | D:3      | Reached skill level 3 in Hexes
  1968 | D:3      | HP: 5/27 [gnoll/+0 whip (2)]
  1970 | D:3      | Reached XP level 5. HP: 5/31 MP: 6/6
  2298 | D:3      | Reached skill level 4 in Hexes
  2764 | D:4      | Found a broken altar of Ashenzari.
  2765 | D:4      | Found a burning altar of Makhleb.
  2799 | D:4      | Noticed Grinder
  2808 | D:4      | Killed Grinder
  2809 | D:4      | Reached skill level 6 in Stealth
  2809 | D:4      | Reached skill level 6 in Hexes
  2809 | D:4      | Reached XP level 6. HP: 25/36 MP: 7/7
  2913 | D:4      | Noticed an orc warrior
  2918 | D:4      | Learned a level 1 spell: Foxfire
  2946 | D:4      | Killed an orc warrior
  2947 | D:4      | Reached skill level 7 in Stealth
  3030 | D:4      | Reached skill level 8 in Stealth
  3261 | D:4      | Reached XP level 7. HP: 44/45 MP: 8/8
  3360 | D:4      | Reached skill level 9 in Stealth
  3570 | D:4      | Found a staircase to the Ecumenical Temple.
  3610 | D:4      | You pick up a book of Winter and begin reading...
  3610 | D:4      | You add the spells Ozocubu's Armour, Metabolic Englaciation
                  | and Simulacrum to your library.
  3622 | D:4      | Identified the +2 robe of Yzif {Int+4}
  3745 | D:4      | Found a runed translucent gate.
  3746 | D:4      | Found a runed translucent gate.
  3747 | D:4      | Found a runed translucent gate.
  3747 | D:4      | Noticed sammy202020's ghost (amateur GrBe)
  3806 | D:4      | You fall into a shaft and drop 1 floor!
  3806 | D:5      | Entered Level 5 of the Dungeon
  4128 | D:5      | Found a runed translucent gate.
  4129 | D:5      | Found a runed translucent gate.
  4130 | D:5      | Found a runed translucent gate.
  4131 | D:5      | Noticed rabbitsville's ghost (amateur DrAE)
  4132 | D:5      | Noticed pickled's ghost (novice HOCK)
  4244 | D:5      | Found Dippe's Magic Scroll Shoppe.
  4257 | D:5      | Bought a scroll of enchant weapon for 90 gold pieces
  4359 | D:5      | Reached skill level 7 in Hexes
  4361 | D:5      | Reached skill level 10 in Stealth
  4428 | D:5      | Reached skill level 1 in Maces & Flails
  4558 | D:6      | Reached skill level 2 in Maces & Flails
  4558 | D:6      | Reached XP level 8. HP: 29/57 MP: 2/9
  4569 | D:6      | HP: 11/57 [acid (8)]
  4570 | D:6      | Splashed by a jelly's acid

Vanquished Creatures
  Grinder (D:4)
  A water moccasin (D:6)
  An orc warrior (D:4)
  3 scorpions
  2 jellies
  2 orc priests
  An iguana (D:5)
  5 orc wizards
  8 gnolls
  7 adders
  A worm (D:4)
  2 dart slugs
  17 orcs
  9 ball pythons
  7 endoplasms
  2 giant cockroaches
  8 goblins
  5 hobgoblins
  2 quokkas
  4 bats (D:1)
  A frilled lizard (D:2)
  4 kobolds
  2 rats (D:2)
95 creatures vanquished.

Vanquished Creatures (others)
  67 foxfires
  5 withered plants (D:5)
72 creatures vanquished.

Grand Total: 167 creatures vanquished

Table legend:
 A = Non-vault XP
 B = Vault XP
 C = Vault XP percentage of total XP
 D = Non-vault monster count
 E = Vault monster count
 F = Vault count percentage of total count
                 A         B        C        D         E       F
            +---------+---------+-------+---------+---------+-------
      Total |    1258 |     272 |  17.8 |      94 |       1 |   1.1
            +---------+---------+-------+---------+---------+-------
        D:1 |      30 |       0 |   0.0 |      17 |       0 |   0.0
        D:2 |      36 |       0 |   0.0 |       9 |       0 |   0.0
        D:3 |     183 |       0 |   0.0 |      22 |       0 |   0.0
        D:4 |     369 |     272 |  42.4 |      28 |       1 |   3.4
        D:5 |     440 |       0 |   0.0 |      15 |       0 |   0.0
        D:6 |     200 |       0 |   0.0 |       3 |       0 |   0.0
            +---------+---------+-------+---------+---------+-------

Illustrated notes

Table legend:
 A = Kills in this place as a percentage of kills in entire the game.
 B = Kills by you in this place as a percentage of kills by you in the entire game.
 C = Kills by friends in this place as a percentage of kills by friends in the entire game.
 D = Other kills in this place as a percentage of other kills in the entire game.
 E = Experience gained in this place as a percentage of experience gained in the entire game.
 F = Experience gained in this place divided by the number of levels of this place that you have seen.
                   A       B       C       D       E      F
               +-------+-------+-------+-------+-------+----------------------
         Total | 100.0 | 100.0 |   N/A |   N/A | 100.0 | 255.0
       Dungeon | 100.0 | 100.0 |   N/A |   N/A | 100.0 | 255.0
               +-------+-------+-------+-------+-------+----------------------

Table legend: (Time is in decaauts)
 A = Elapsed time spent in this place.
 B = Non-inter-level travel time spent in this place.
 C = Inter-level travel time spent in this place.
 D = Time resting spent in this place.
 E = Time spent auto-exploring this place.
 F = Levels seen in this place.
 G = Mean time per level.
                   A        B        C        D        E       F      G
               +--------+--------+--------+--------+--------+-----+--------+
         Total |   4584 |   4493 |     91 |    888 |   2829 |   6 |  764.0 |
       Dungeon |   4584 |   4493 |     91 |    888 |   2829 |   6 |  764.0 |
               +--------+--------+--------+--------+--------+-----+--------+

Top non-repeatable levels by time:
     D:3: 1604 daAuts
     D:4: 1027 daAuts
     D:1: 711 daAuts
     D:5: 644 daAuts
     D:2: 474 daAuts
     D:6: 121 daAuts
